 Dungeon Crawl Stone Soup version 0.30-a0-381-g6ea064c7b4 (webtiles) character file.

Game seed: 6866771606776601247

387 LnG the Sneak (level 7, 0/37 HPs)
             Began as a Kobold Summoner on Dec 1, 2022.
             Was an Initiate of Dithmenos.
             Slain by a gnoll
             ... wielding a +0 club
             ... led by a gnoll sergeant
              (5 damage)
             ... on level 5 of the Dungeon.
             The game lasted 00:18:24 (3913 turns).

LnG the Sneak (Kobold Summoner)                     Turns: 3913, Time: 00:18:25

Health: 0/37       AC:  7    Str:  6      XL:     7   Next: 6%
Magic:  11/11      EV: 15    Int: 27      God:    Dithmenos [......]
Gold:   289        SH:  0    Dex:  9 (10) Spells: 2/11 levels left

rFire   . . .      SeeInvis +    u - +2 short sword (elec)
rCold   . . .      Faith    .    (no shield)
rNeg    . . .      Spirit   .    a - +0 robe
rPois   .          Reflect  .    e - +3 helmet of the Untouchables {+Inv Int+9 Dex-5 SInv}
rElec   .          Harm     .    (no cloak)
rCorr   .          Rampage  .    s - +0 pair of gloves
Will    .....                    (no boots)
Stlth   ++++......               w - amulet of magic regeneration
HPRegen 0.26/turn                r - ring of see invisible
MPRegen 0.52/turn                (no ring)

@: lethally poisoned (0 -> -2)
A: small, no large weapons, nightstalker 3
a: Renounce Religion, Evoke Invisibility


You were on level 5 of the Dungeon.
You worshipped Dithmenos.
Dithmenos was noncommittal.
You visited 2 branches of the dungeon, and saw 6 of its levels.

You collected 289 gold pieces.

Inventory:

Hand Weapons
 h - a +1 short sword of draining
 l - the +6 hand axe of Punishment {elec, Int+3}
   (You found it on level 2 of the Dungeon)

   It occasionally discharges a powerful burst of electricity upon striking a
   foe.
   Int:       It affects your intelligence (+3).
 u - a +2 short sword of electrocution (weapon)
Missiles
 n - a throwing net
Armour
 a - a +0 robe (worn)
 e - the +3 helmet of the Untouchables (worn) {+Inv Int+9 Dex-5 SInv}
   (You found it on level 4 of the Dungeon)

   Int:       It affects your intelligence (+9).
   Dex:       It affects your dexterity (-5).
   SInv:      It lets you see invisible.
   +Inv:      It lets you turn invisible.
 o - a +0 helmet
 p - a +1 hat of stealth
 s - a +0 pair of gloves (worn)
Jewellery
 g - a ring of magical power
 r - a ring of see invisible (left hand)
 w - an amulet of magic regeneration (around neck)
Wands
 k - a wand of digging (6)
Scrolls
 i - a scroll of amnesia
 j - 2 scrolls of enchant armour
 m - a scroll of teleportation
 q - 2 scrolls of immolation {unknown}
 t - 2 scrolls of fog {unknown}
 v - a scroll of enchant weapon {unknown}
 x - a scroll of identify
 y - a scroll of noise {unknown}
 z - a scroll of blinking {unknown}
 A - a scroll of fear {unknown}
Potions
 b - 2 potions of magic
 c - a potion of heal wounds {unknown}
 d - 3 potions of curing
 f - a potion of might {unknown}
 B - 2 potions of invisibility {unknown}
 C - 2 potions of ambrosia {unknown}


   Skills:
 + Level 0.8 Fighting
 + Level 2.3 Short Blades
 * Level 4.1 Dodging
 * Level 7.2 Stealth
 + Level 2.8 Spellcasting
 + Level 4.6 Summonings


You had 2 spell levels left.
You knew the following spells:

 Your Spells              Type           Power      Damage    Failure   Level
a - Summon Small Mammal   Summ           100%       N/A       1%          1
b - Call Imp              Summ           29%        N/A       1%          2
c - Call Canine Familiar  Summ           29%        N/A       4%          3
d - Summon Guardian Gole  Hex/Summ       16%        N/A       11%         3

Your spell library contained the following spells:

 Spells                   Type           Power      Damage    Failure   Level
 Magic Dart               Conj           12%        1d3       9%          1
 Cigotuvi's Dreadful Rot  Necr/Pois/Air  6%         N/A       14%         2
 Poisonous Vapours        Pois/Air       6%         N/A       14%         2
 Kindle Blastsparks       Fire/Tloc/Air  6%         2d10      26%         3
 Mephitic Cloud           Conj/Pois/Air  3%         N/A       26%         3
 Vhi's Electric Charge    Tloc/Air       6%         N/A       26%         3
 Summon Lightning Spire   Summ/Air       16%        N/A       34%         4
 Fulminant Prism          Conj/Hex       1%         3d5       65%         4
 Iskenderun's Mystic Bla  Conj/Tloc      3%         2d3       65%         4
 Arcjolt                  Conj/Air       1%         1d11      94%         5
 Lee's Rapid Deconstruct  Erth           1%         3d4*      94%         5
 Maxwell's Capacitive Co  Air            1%         ∞         100%        8


Dungeon Overview and Level Annotations

Branches:
Dungeon (5/15)             Temple (1/1) D:5

Altars:
Cheibriados
Dithmenos
Elyvilon
Fedhas
Hepliaklqana
Nemelex Xobeh
Okawaru
Qazlal
Sif Muna
Uskayaw
Vehumet
Wu Jian
Xom
Zin
The Shining One

Shops:
D:1 =   D:4 =


Innate Abilities, Weirdness & Mutations

You are small and have problems with some larger weapons.
You are completely attuned to the shadows.


Message History

You climb downwards.
Welcome back to the Ecumenical Temple!
You feel extremely sick.
Your hound disappears in a puff of smoke!
There is a staircase back to the Dungeon here.
You feel better. The gnoll hits you with a +0 club.
The gnoll sergeant hits you with a +3 trident of venom.
You are poisoned.
The gnoll barely misses you. The gnoll attacks as you move away!
The gnoll closely misses you.
You feel sick.
The gnoll sergeant completely misses you.
The gnoll attacks as you move away! The gnoll hits you but does no damage.
You feel sick.
There is an open door here.
You feel sick. The gnoll attacks as you move away!
The gnoll hits you with a +0 club.
You feel sick.
You feel sick.
You feel sick. The gnoll attacks as you move away!
The gnoll closely misses you.
You feel sick.
You are no longer poisoned.
The gnoll attacks as you move away! The gnoll misses you.
The gnoll attacks as you move away! The gnoll hits you with a +0 club.
* * * LOW HITPOINT WARNING * * *
The gnoll attacks as you move away! The gnoll barely misses you.
The gnoll attacks as you move away! The gnoll hits you but does no damage.
There is an open door here.
There is a staircase back to the Dungeon here.
You can't go down here!
The gnoll barely misses you.
The gnoll sergeant hits you from afar with a +3 trident of venom.
* * * LOW HITPOINT WARNING * * *
You are poisoned.
You climb upwards.
Welcome back to the Dungeon!
You feel sick. The gnoll barely misses you. The orc misses you. x2
The gnoll completely misses you.
There is a staircase to the Ecumenical Temple, spattered with blood here.
You feel sick. The gnoll hits you with a +0 club.
You die...

................###
......PPP.......#####
####.................
#....P.PP...........
...###................
...####........#...##.
................#.#..#
.............#..#....#....###
.........###..##@g..#........
................og.........#
..>...#....#..#....##......#.
...####....#.#....#..#.#<...#
##...........#..#.#..........
#............##...#...##....
#.....................+ ....
#...............#.....# ....
#.....................# ....


You could see 2 gnolls and an orc.

Vanquished Creatures
  A quasit (D:5)
  An iguana (D:4)
  A nameless horror (Temple)
  5 gnolls
  2 adders
  2 shadow imps
  A white imp (D:5)
  A worm (D:2)
  3 orcs
  6 bats
  2 endoplasms
  3 giant cockroaches
  10 goblins
  8 hobgoblins
  2 kobolds
  4 quokkas
  10 ball pythons
  A frilled lizard (D:3)
  5 rats
68 creatures vanquished.

Vanquished Creatures (collateral kills)
  Sigmund (D:2)
  A dart slug (D:1)
  4 bats (D:1)
  3 endoplasms (D:1)
  A giant cockroach (D:1)
  3 goblins
  A hobgoblin (D:1)
  A kobold (D:1)
  A quokka (D:1)
  A ball python (D:1)
  A frilled lizard (D:1)
  A rat (D:1)
19 creatures vanquished.

Grand Total: 87 creatures vanquished

Notes
Turn   | Place    | Note
-------+----------+-------------------------------------------
     0 | D:1      | LnG the Kobold Summoner began the quest for the Orb.
     0 | D:1      | Reached XP level 1. HP: 10/10 MP: 3/3
   114 | D:1      | Reached XP level 2. HP: 7/15 MP: 1/5
   119 | D:1      | Learned a level 2 spell: Call Imp
   254 | D:1      | Reached skill level 3 in Stealth
   264 | D:1      | Reached XP level 3. HP: 19/19 MP: 2/6
   466 | D:1      | Found Koropt's Jewellery Shop.
   806 | D:2      | Learned a level 3 spell: Call Canine Familiar
   933 | D:2      | Reached XP level 4. HP: 24/24 MP: 7/7
  1010 | D:2      | Identified the +6 hand axe of Punishment {elec, Int+3}
  1124 | D:2      | Noticed Sigmund
  1137 | D:2      | Killed Sigmund
  1138 | D:2      | Reached skill level 1 in Short Blades
  1138 | D:2      | Reached skill level 6 in Stealth
  1138 | D:2      | Reached XP level 5. HP: 21/28 MP: 3/9
  1138 | D:2      | Reached XP level 6. HP: 25/33 MP: 3/10
  1874 | D:3      | Found a sparkling altar of Nemelex Xobeh.
  2010 | D:3      | Learned a level 3 spell: Summon Guardian Golem
  2221 | D:3      | Found a faded altar of an unknown god.
  2288 | D:3      | Found a shadowy altar of Dithmenos.
  2292 | D:3      | Became a worshipper of Dithmenos the Shadowed
  2743 | D:4      | Identified the +3 helmet of the Untouchables {+Inv Int+9
                  | Dex-5 SInv}
  3131 | D:3      | Reached skill level 7 in Stealth
  3245 | D:4      | Found Doloyck's Jewellery Shoppe.
  3331 | D:4      | Found a radiant altar of Vehumet.
  3332 | D:4      | Found a hazy altar of Hepliaklqana.
  3332 | D:4      | Found a blossoming altar of Fedhas.
  3333 | D:4      | Found a stormy altar of Qazlal.
  3512 | D:5      | Entered Level 5 of the Dungeon
  3516 | D:5      | Found a staircase to the Ecumenical Temple.
  3555 | D:5      | Reached XP level 7. HP: 27/37 MP: 11/11
  3671 | Temple   | Entered the Ecumenical Temple
  3913 | D:5      | Slain by a gnoll

Illustrated notes

Levels and vault maps discovered:
D:1:      lightli_arrival_noodles, layout_rooms, serial_shops, shop
D:2:      layout_loops_ring, uniq_sigmund
D:3:      layout_loops_cross, nicolae_dithmenos_the_darkroom,
          nemelex_dance_club_becter, chequers_ecumenical_altar_twisty,
          minmay_curled_crystal
D:4:      layout_basic, chequers_temple_overflow_statue_of_worship,
          serial_shops, kennysheep_mini, minivault_4
D:5:      layout_basic, mainiacjoe_overflow_concentric_impassable,
          minmay_temple_entry_mini_moons, serial_demonic, serial_demonic_d,
          serial_demonic_f, serial_demonic_f, serial_demonic_b,
          serial_demonic_e, serial_demonic_g, serial_demonic_d,
          serial_demonic_b, grunt_decor_cap, minmay_misc_feat_pillars
Temple:   nicolae_temple_figure_zero

Skill      XL: |  1  2  3  4  5  6 |
---------------+-------------------+-----
Stealth        | 3 6 7 |  7.2
Dodging        | 3 4 |  4.1
Short Blades   | 1 2 |  2.3
Fighting       | |  0.8
Spellcasting   | |  2.8
Summonings     | |  4.6

Action                   |  1- 3 |  4- 6 |  7- 9 || total
-------------------------+-------+-------+-------++-------
Melee: Unarmed           |    39 |       |       ||    39
       Punch             |     1 |       |     1 ||     2
       Short sword       |    44 |   117 |    12 ||   173
 Cast: Summon Small Mamm |     8 |       |       ||     8
       Call Imp          |     3 |     1 |     1 ||     5
       Call Canine Famil |       |     5 |     1 ||     6
       Summon Guardian G |       |     1 |       ||     1
  Use: Scroll            |       |     4 |       ||     4
       Potion            |       |       |     1 ||     1
 Stab: Sleeping          |    13 |    22 |       ||    35
Armor: Robe              |    24 |    19 |     6 ||    49
Dodge: Dodged            |   105 |    71 |    26 ||   202

Table legend: (Time is in decaauts)
 A = Elapsed time spent in this place.
 B = Non-inter-level travel time spent in this place.
 C = Inter-level travel time spent in this place.
 D = Time resting spent in this place.
 E = Time spent auto-exploring this place.
 F = Levels seen in this place.
 G = Mean time per level.
                   A        B        C        D        E       F      G
               +--------+--------+--------+--------+--------+-----+--------+
         Total |   3904 |   3762 |    142 |    182 |   2746 |   6 |  650.7 |
       Dungeon |   3667 |   3534 |    133 |    114 |   2632 |   5 |  733.4 |
        Temple |    236 |    227 |      9 |     68 |    114 |   1 |  236.0 |
               +--------+--------+--------+--------+--------+-----+--------+

Top non-repeatable levels by time:
     D:4: 969 daAuts
     D:2: 924 daAuts
     D:3: 893 daAuts
     D:1: 716 daAuts
  Temple: 236 daAuts
     D:5: 164 daAuts
